General information
- name: BNet
- type: Ladder team game (AT/RT)
- host: Battle.net
- saver: KUDOS_FORGHETTO
map: MarketSquare
- players: 8
- length: 17:37
- speed: Fast
- version: 1.26 W3XP
- replay type: Public
» download(112 KB)
Players
team 1 (loser)
Death_Blade (
teal | 26 APM | 181 actions | 06:54)
» actions
| Build / train | 19 | |
| Enter build submenu | 10 | |
| Right click | 25 | |
| Select / deselect | 115 | |
| Use ability | 12 | |
181 total
» units
» upgrades
| Strength of the Wild | 1 | |
| Reinforced Hides | 1 | |
2 total
» buildings
| Moon Well | 6 | |
| Hunter's Hall | 1 | |
| Ancient Protector | 2 | |
| Altar of Elders | 1 | |
| Tree of Ages | 1 | |
11 total
» build order
00:20 Moon Well
00:25 Moon Well
00:36 Moon Well
01:36 Moon Well
02:30 Moon Well
02:44 Moon Well
02:55 Hunter's Hall
04:04 Ancient Protector
04:10 Ancient Protector
04:17 Altar of Elders
04:24 Tree of Ages
KUDOS_FORGHETTO (
pink | 54 APM | 950 actions | 17:37)
2 Dreadlord
1 Sleep
1 Vampiric Aura
2 Priestess of the Moon
1 Searing Arrows
1 Trueshot Aura
1 Demon Hunter
1 Evasion
» actions
| Assign group hotkey | 39 | |
| Basic commands | 52 | |
| Build / train | 30 | |
| ESC pressed | 2 | |
| Enter build submenu | 10 | |
| Enter hero's abilities submenu | 5 | |
| Give item / drop item | 1 | |
| Right click | 385 | |
| Select / deselect | 258 | |
| Select group hotkey | 114 | |
| Use ability | 53 | |
950 total
» units
» upgrades
| Unholy Strength | 1 | |
| Well Spring | 1 | |
| Ultravision | 1 | |
| Strength of the Wild | 1 | |
| Abolish Magic | 1 | |
5 total
» buildings
| Crypt | 1 | |
| Graveyard | 1 | |
| Altar of Darkness | 1 | |
| Ziggurat | 3 | |
| Tomb of Relics | 1 | |
| Nerubian Tower | 2 | |
| Halls of the Dead | 1 | |
| Spirit Tower | 1 | |
11 total
» build order
00:16 Crypt
00:17 Graveyard
00:48 Altar of Darkness
01:11 Ziggurat
01:19 Tomb of Relics
02:04 Nerubian Tower
02:12 Ziggurat
02:48 Ziggurat
04:15 Nerubian Tower
04:16 Halls of the Dead
05:10 Spirit Tower
» items
| Rod of Necromancy | 1 | |
| Dust of Appearance | 1 | |
| Scroll of Town Portal | 2 | |
| Potion of Healing | 1 | |
5 total
Weezy_f_baby (
red | 43 APM | 764 actions | 17:37)
2 Blademaster
1 Wind Walk
1 Critical Strike
1 Demon Hunter
1 Immolation
» actions
| Assign group hotkey | 16 | |
| Basic commands | 5 | |
| Build / train | 42 | |
| ESC pressed | 1 | |
| Enter build submenu | 35 | |
| Enter hero's abilities submenu | 3 | |
| Right click | 333 | |
| Select / deselect | 160 | |
| Select group hotkey | 128 | |
| Use ability | 41 | |
764 total
» units
| Peon | 4 | |
| Grunt | 8 | |
| Dryad | 6 | |
| Wind Rider | 4 | |
| Troll Batrider | 8 | |
30 total
» upgrades
| Melee Weapons | 1 | |
| Liquid Fire | 1 | |
2 total
» buildings
| Altar of Storms | 1 | |
| Orc Burrow | 10 | |
| Barracks | 2 | |
| Voodoo Lounge | 1 | |
| War Mill | 1 | |
| Watch Tower | 2 | |
| Stronghold | 1 | |
| Ancient of Lore | 2 | |
| Tree of Eternity | 1 | |
| Ancient Protector | 5 | |
| Moon Well | 1 | |
| Beastiary | 2 | |
| Fortress | 1 | |
30 total
» build order
00:07 Altar of Storms
00:11 Orc Burrow
00:58 Barracks
01:25 Voodoo Lounge
02:04 War Mill
02:44 Orc Burrow
04:10 Watch Tower
04:35 Barracks
05:20 Orc Burrow
05:52 Orc Burrow
06:43 Stronghold
07:01 Orc Burrow
07:17 Ancient of Lore
07:21 Ancient of Lore
07:56 Tree of Eternity
08:02 Ancient Protector
08:07 Watch Tower
08:46 Moon Well
09:26 Beastiary
09:51 Orc Burrow
10:13 Beastiary
10:28 Ancient Protector
10:42 Fortress
11:17 Orc Burrow
12:43 Orc Burrow
13:06 Ancient Protector
13:12 Ancient Protector
15:23 Orc Burrow
16:56 Ancient Protector
17:01 Orc Burrow
» items
| Healing Salve | 1 | |
| Lesser Clarity Potion | 1 | |
2 total

»
h3rst3in (
green | 13 APM | 228 actions | 17:37)
1 Dreadlord
1 Vampiric Aura
1 Priestess of the Moon
1 Trueshot Aura
» actions
| Assign group hotkey | 4 | |
| Basic commands | 5 | |
| Build / train | 26 | |
| Enter build submenu | 14 | |
| Enter hero's abilities submenu | 2 | |
| Remove unit from queue | 3 | |
| Right click | 37 | |
| Select / deselect | 119 | |
| Select group hotkey | 2 | |
| Use ability | 16 | |
228 total
» units
| Acolyte | 4 | |
| Ghoul | 5 | |
| Frost Wyrm | 5 | |
| Dryad | 2 | |
16 total
» upgrades
» buildings
| Crypt | 1 | |
| Ziggurat | 8 | |
| Altar of Darkness | 1 | |
| Halls of the Dead | 1 | |
| Black Citadel | 2 | |
| Sacrificial Pit | 1 | |
| Boneyard | 2 | |
| Moon Well | 1 | |
17 total
» build order
00:11 Crypt
00:13 Ziggurat
00:17 Altar of Darkness
02:28 Halls of the Dead
04:49 Black Citadel
04:49 Black Citadel
04:54 Sacrificial Pit
05:00 Ziggurat
07:14 Boneyard
07:19 Boneyard
07:21 Ziggurat
07:28 Ziggurat
07:35 Ziggurat
07:41 Ziggurat
14:46 Ziggurat
14:52 Ziggurat
15:26 Moon Well
team 2 (winner)

»
DensetsuNoIdrA (
yellow | 146 APM | 2567 actions | 17:37)
4 Mountain King
2 Storm Bolt
2 Bash
6 Archmage
3 Summon Water Elemental
2 Brilliance Aura
1 Mass Teleport
» actions
| Assign group hotkey | 63 | |
| Basic commands | 272 | |
| Build / train | 84 | |
| ESC pressed | 5 | |
| Enter build submenu | 31 | |
| Enter hero's abilities submenu | 11 | |
| Give item / drop item | 1 | |
| Right click | 847 | |
| Select / deselect | 494 | |
| Select group hotkey | 658 | |
| Use ability | 101 | |
2567 total
» units
| Peasant | 27 | |
| Footman | 10 | |
| Priest | 2 | |
| Spell Breaker | 3 | |
| Sorceress | 2 | |
44 total
» upgrades
| Sorceress Training | 2 | |
| Priest Training | 2 | |
| Magic Sentry | 1 | |
| Lumber Harvesting | 1 | |
| Masonry | 2 | |
| Swords | 2 | |
| Plating | 1 | |
| Animal War Training | 1 | |
| Defend | 1 | |
13 total
» buildings
| Barracks | 1 | |
| Farm | 9 | |
| Altar of Kings | 1 | |
| Arcane Vault | 1 | |
| Keep | 2 | |
| Blacksmith | 1 | |
| Scout Tower | 2 | |
| Lumber Mill | 6 | |
| Arcane Sanctum | 3 | |
| Guard Tower | 1 | |
| Town Hall | 3 | |
| Castle | 2 | |
32 total
» build order
00:22 Barracks
00:34 Farm
00:54 Altar of Kings
01:03 Farm
01:44 Farm
02:26 Farm
02:57 Farm
03:42 Arcane Vault
04:20 Keep
05:32 Blacksmith
05:35 Farm
05:49 Scout Tower
05:50 Scout Tower
06:26 Lumber Mill
06:51 Arcane Sanctum
06:52 Arcane Sanctum
06:53 Arcane Sanctum
07:34 Guard Tower
09:12 Town Hall
09:15 Lumber Mill
09:16 Lumber Mill
09:33 Lumber Mill
09:44 Farm
10:05 Lumber Mill
10:06 Lumber Mill
10:14 Town Hall
11:50 Castle
11:50 Castle
14:02 Farm
14:03 Farm
16:29 Town Hall
» items
| Scroll of Town Portal | 1 | |
| Scroll of Healing | 1 | |
| Boots of Speed | 1 | |
3 total
oftherevolution (
blue | 33 APM | 576 actions | 17:37)
6 Mountain King
3 Storm Bolt
2 Bash
1 Avatar
» actions
| Assign group hotkey | 10 | |
| Basic commands | 18 | |
| Build / train | 58 | |
| Enter build submenu | 18 | |
| Enter hero's abilities submenu | 6 | |
| Right click | 210 | |
| Select / deselect | 169 | |
| Select group hotkey | 49 | |
| Use ability | 38 | |
576 total
» units
| Peasant | 17 | |
| Footman | 5 | |
| Dragonhawk Rider | 5 | |
| Gryphon Rider | 10 | |
37 total
» upgrades
| Armor | 2 | |
| Swords | 2 | |
| Storm Hammers | 1 | |
| Cloud | 1 | |
6 total
» buildings
| Altar of Kings | 1 | |
| Farm | 10 | |
| Barracks | 1 | |
| Lumber Mill | 1 | |
| Blacksmith | 1 | |
| Scout Tower | 5 | |
| Keep | 1 | |
| Guard Tower | 3 | |
| Arcane Vault | 1 | |
| Gryphon Aviary | 3 | |
| Castle | 1 | |
| Arcane Tower | 2 | |
| Town Hall | 1 | |
31 total
» build order
00:05 Altar of Kings
00:24 Farm
00:41 Barracks
00:58 Farm
00:59 Farm
01:50 Lumber Mill
02:13 Farm
02:38 Farm
02:39 Farm
03:13 Blacksmith
04:19 Farm
04:21 Scout Tower
04:22 Scout Tower
04:24 Scout Tower
04:36 Keep
05:33 Guard Tower
05:42 Arcane Vault
05:57 Guard Tower
06:33 Scout Tower
06:38 Scout Tower
07:32 Gryphon Aviary
07:34 Gryphon Aviary
07:40 Castle
07:46 Arcane Tower
07:54 Arcane Tower
09:05 Guard Tower
09:16 Gryphon Aviary
11:38 Farm
11:39 Farm
11:40 Farm
12:13 Town Hall
» items

»
tacoslave (
purple | 25 APM | 438 actions | 17:30)
2 Paladin
1 Holy Light
1 Devotion Aura
» actions
| Assign group hotkey | 8 | |
| Basic commands | 12 | |
| Build / train | 47 | |
| Enter build submenu | 22 | |
| Enter hero's abilities submenu | 2 | |
| Remove unit from queue | 3 | |
| Right click | 127 | |
| Select / deselect | 150 | |
| Select group hotkey | 27 | |
| Use ability | 40 | |
438 total
» units
| Peasant | 11 | |
| Footman | 10 | |
| Dragonhawk Rider | 4 | |
| Gryphon Rider | 3 | |
28 total
» upgrades
| Defend | 1 | |
| Plating | 1 | |
| Swords | 2 | |
| Armor | 1 | |
| Cloud | 1 | |
| Animal War Training | 1 | |
| Storm Hammers | 1 | |
8 total
» buildings
| Farm | 11 | |
| Altar of Kings | 1 | |
| Barracks | 2 | |
| Lumber Mill | 2 | |
| Scout Tower | 2 | |
| Arcane Vault | 1 | |
| Guard Tower | 2 | |
| Blacksmith | 1 | |
| Keep | 1 | |
| Gryphon Aviary | 2 | |
| Castle | 1 | |
26 total
» build order
00:11 Farm
00:15 Altar of Kings
00:42 Farm
00:57 Barracks
01:45 Farm
02:11 Lumber Mill
02:25 Scout Tower
02:33 Arcane Vault
03:53 Guard Tower
03:56 Scout Tower
04:00 Blacksmith
04:34 Guard Tower
04:38 Farm
04:44 Keep
06:09 Farm
06:18 Barracks
07:11 Gryphon Aviary
07:15 Castle
07:20 Lumber Mill
08:31 Gryphon Aviary
09:50 Farm
09:56 Farm
09:56 Farm
09:57 Farm
09:58 Farm
13:23 Farm

»
americanaredumb (
orange | 38 APM | 675 actions | 17:37)
4 Archmage
2 Summon Water Elemental
2 Brilliance Aura
4 Paladin
2 Divine Shield
2 Holy Light
» actions
| Assign group hotkey | 14 | |
| Build / train | 58 | |
| Enter build submenu | 29 | |
| Enter hero's abilities submenu | 8 | |
| Give item / drop item | 4 | |
| Remove unit from queue | 1 | |
| Right click | 170 | |
| Select / deselect | 213 | |
| Select group hotkey | 137 | |
| Use ability | 41 | |
675 total
» units
| Peasant | 9 | |
| Rifleman | 8 | |
| Priest | 2 | |
| Knight | 3 | |
22 total
» upgrades
| Lumber Harvesting | 1 | |
| Gunpowder | 3 | |
| Long Rifles | 1 | |
| Magic Sentry | 1 | |
| Armor | 2 | |
| Priest Training | 2 | |
| Swords | 1 | |
| Backpack | 1 | |
| Animal War Training | 1 | |
| Masonry | 2 | |
| Plating | 1 | |
| Control Magic | 1 | |
17 total
» buildings
| Altar of Kings | 1 | |
| Farm | 14 | |
| Lumber Mill | 1 | |
| Keep | 1 | |
| Barracks | 1 | |
| Scout Tower | 3 | |
| Blacksmith | 1 | |
| Arcane Tower | 2 | |
| Guard Tower | 1 | |
| Castle | 1 | |
| Arcane Vault | 1 | |
| Arcane Sanctum | 1 | |
28 total
» build order
00:43 Altar of Kings
01:25 Farm
01:45 Farm
01:48 Farm
01:51 Lumber Mill
02:30 Farm
02:44 Keep
03:00 Barracks
03:25 Scout Tower
03:28 Scout Tower
03:33 Blacksmith
03:40 Scout Tower
04:08 Arcane Tower
04:24 Guard Tower
04:47 Arcane Tower
05:11 Castle
05:26 Arcane Vault
06:08 Arcane Sanctum
07:44 Farm
08:05 Farm
08:19 Farm
08:48 Farm
08:57 Farm
10:19 Farm
11:29 Farm
12:45 Farm
13:40 Farm
17:03 Farm
» items
| Orb of Fire | 1 | |
| Boots of Speed | 1 | |
2 total
Chat log
(00:07 / All) KUDOS_FORGHETTO: well POO
(00:21 / All) KUDOS_FORGHETTO: we could do that
(00:38 / All) KUDOS_FORGHETTO: whats he sayiN?
(00:44 / Allies) Weezy_f_baby: okan?
(00:46 / Allies) Weezy_f_baby: plan?
(00:59 / All) KUDOS_FORGHETTO: we stayin?
(01:05 / All) KUDOS_FORGHETTO: K
(01:08 / All) Weezy_f_baby: wat?
(01:08 / All) DensetsuNoIdrA: Yeah, stay.
(01:24 / All) KUDOS_FORGHETTO: DON'T MIND US
(01:29 / All) KUDOS_FORGHETTO: WE ARE ONLY PLOTTING YOUR DOOM
(01:31 / All) KUDOS_FORGHETTO: NERDS.
(01:35 / All) DensetsuNoIdrA: auehauheuahe XD
(02:38 / All) KUDOS_FORGHETTO: AAAAAAAAHHHHHHHHHHHH
(02:41 / All) KUDOS_FORGHETTO: NOT A SCOUT!
(02:47 / All) Weezy_f_baby: lol
(02:49 / All) DensetsuNoIdrA: STFU and reported.
(02:53 / All) tacoslave: ha
(02:53 / Allies) Weezy_f_baby: ill go aa and a
(02:54 / All) tacoslave: haha
(03:03 / Allies) KUDOS_FORGHETTO: abomz
(03:07 / All) DensetsuNoIdrA: Is your teammate for real?
(03:14 / All) KUDOS_FORGHETTO: LOL
(03:20 / All) KUDOS_FORGHETTO: just saw
(03:25 / All) KUDOS_FORGHETTO: no idea
(03:32 / All) DensetsuNoIdrA: Are BOTH of your teammates for real?
(03:41 / All) KUDOS_FORGHETTO: why wahts red doing
(04:02 / All) DensetsuNoIdrA: Green was hero harassing with a Dread Lord, aura first.
(04:08 / All) KUDOS_FORGHETTO: ah'
(04:09 / All) KUDOS_FORGHETTO: lol
(04:19 / All) DensetsuNoIdrA: Just like Lucifer, clearly.
(04:50 / All) KUDOS_FORGHETTO: dang
(05:03 / All) KUDOS_FORGHETTO: ruff times for the pie crew
(05:09 / All) DensetsuNoIdrA: :(
(05:11 / All) Weezy_f_baby: death blade seriously?
(05:20 / All) DensetsuNoIdrA: That's what teal gets for doing that.
(05:27 / All) KUDOS_FORGHETTO: fair enough
(05:42 / All) KUDOS_FORGHETTO: not sure i've seena n elf do that on this amp before
(06:03 / All) DensetsuNoIdrA: I dunno what to tell you.
(06:04 / All) DensetsuNoIdrA: lol
(06:20 / Allies) Death_Blade: wow gg
(06:21 / All) KUDOS_FORGHETTO: i was gonna sned some acos back to my base to unsummon
(06:25 / All) KUDOS_FORGHETTO: but i'm blocked in teals base lol
(06:29 / Allies) Death_Blade: fuckin noobs
(06:31 / All) DensetsuNoIdrA: Lol.
(06:34 / All) KUDOS_FORGHETTO: now there was a smart place to portal
(06:43 / All) KUDOS_FORGHETTO: Here's what teal says
(06:47 / All) KUDOS_FORGHETTO: "Wow gg. Fuckin noobs"
(06:56 / All) Weezy_f_baby: embarresing
(07:00 / All) KUDOS_FORGHETTO: he hasn't moved his hero since it popped out of the altar
(07:02 / All) DensetsuNoIdrA: Is he for real?
(07:03 / All) KUDOS_FORGHETTO: or made a single unit
(07:08 / All) KUDOS_FORGHETTO: let alone barracks
(07:28 / All) KUDOS_FORGHETTO: his stats indicate that he's just a mad nerd whos bad at this game :P
(07:30 / All) DensetsuNoIdrA: You whisper to Death_Blade: Yeah, that was clearly your teammates' fault. Nice deductive reasoning skills.
(07:32 / All) KUDOS_FORGHETTO: 454-503
(07:45 / Allies) Weezy_f_baby: dont leabe bro
(07:48 / Allies) Weezy_f_baby: i got a plan
(08:02 / Allies) KUDOS_FORGHETTO: do you now?
(08:08 / Allies) Weezy_f_baby: ye
(08:22 / Allies) KUDOS_FORGHETTO: im goin to your base
(08:24 / Allies) KUDOS_FORGHETTO: i don't like it here
(08:53 / All) KUDOS_FORGHETTO: fuck
(08:57 / All) DensetsuNoIdrA: ??
(08:57 / All) KUDOS_FORGHETTO: i can't get my heroes out of here
(08:59 / All) KUDOS_FORGHETTO: even after uprooting
(09:09 / Allies) Weezy_f_baby: lumber plz
(09:26 / All) DensetsuNoIdrA: He blocked it all.
(09:29 / All) KUDOS_FORGHETTO: ya
(09:30 / Allies) Weezy_f_baby: lol
(09:42 / Allies) Weezy_f_baby: nice block it
(09:53 / All) KUDOS_FORGHETTO: RED
(09:57 / All) KUDOS_FORGHETTO: I'm Comin over for dinner!
(10:09 / All) KUDOS_FORGHETTO: red
(10:17 / All) KUDOS_FORGHETTO: you should make your barracks
(10:20 / All) KUDOS_FORGHETTO: rally to your hero
(10:23 / All) DensetsuNoIdrA: lol
(10:24 / All) KUDOS_FORGHETTO: or at least set the rally to somewhere
(10:30 / All) KUDOS_FORGHETTO: other than its inital place
(10:39 / All) KUDOS_FORGHETTO: This isn't Warcraft II: Tides of Darkness
(10:45 / All) KUDOS_FORGHETTO: It's much more sophisticated!
(10:50 / All) DensetsuNoIdrA: Word.
(11:07 / All) DensetsuNoIdrA: Oh, to hell with this.
(11:19 / All) KUDOS_FORGHETTO: oh fuck someone picked immolation on my demon hunter
(11:25 / All) KUDOS_FORGHETTO: damn lol
(11:42 / Allies) Weezy_f_baby: u wanna control them
(11:46 / All) DensetsuNoIdrA: It's just one of those days, where you don't wanna wake up...
(11:49 / All) DensetsuNoIdrA: Everything is fucked, everybody SUCKS.
(11:52 / All) KUDOS_FORGHETTO: Red
(11:55 / All) tacoslave: bitch
(11:56 / All) KUDOS_FORGHETTO: why do you make mass units at teal
(12:00 / All) KUDOS_FORGHETTO: if you're not even going to unblock the base
(12:11 / All) KUDOS_FORGHETTO: Fair enough
(12:43 / All) KUDOS_FORGHETTO: Didn't know you could pretend that elves were terran
(12:44 / All) KUDOS_FORGHETTO: neat
(12:49 / All) DensetsuNoIdrA: lol
(13:38 / Allies) Weezy_f_baby: i have a plan lol
(14:45 / Allies) Weezy_f_baby: im gonna go with bats to kill his main town
(14:50 / Allies) KUDOS_FORGHETTO: i'll control teal
(14:53 / Allies) Weezy_f_baby: ok
(15:14 / Allies) Weezy_f_baby: should i destroy red first?
(15:23 / All) KUDOS_FORGHETTO: Red: "Should I destroy red first?"
(15:28 / All) DensetsuNoIdrA: LOL
(15:39 / Allies) Weezy_f_baby: lol
(15:41 / All) Weezy_f_baby: lol
(16:52 / All) DensetsuNoIdrA: Well, this was a rout.
(16:55 / All) DensetsuNoIdrA: That sucks.
(16:59 / All) KUDOS_FORGHETTO: yeah
(17:04 / All) KUDOS_FORGHETTO: oh well
(17:10 / All) DensetsuNoIdrA: Yeah, I'm going to sleep in a second.
(17:13 / All) DensetsuNoIdrA: Thanks for the games, anyway.
(17:17 / All) KUDOS_FORGHETTO: yeah yah
(17:19 / All) KUDOS_FORGHETTO: ggs
(17:21 / All) DensetsuNoIdrA: gg